[Event "Ostravsky Konik FIDE-A 2024"]
[Site "Ostrava"]
[Date "2024.05.05"]
[Round "9.3"]
[White "Chkhaidze, Nikoloz"]
[Black "Meers, Hubert"]
[Result "0-1"]
[ECO "B13"]
[WhiteElo "2268"]
[BlackElo "2250"]
[Annotator "TA"]
[PlyCount "80"]
[EventDate "2024.04.26"]
[EventType "swiss"]
[EventCountry "CZE"]
[SourceTitle "playchess.com"]
[Source "ChessBase"]
[SourceQuality "1"]
[TimeControl "40/5400+30:1800+30"]

1. e4 c6 2. d4 d5 3. exd5 cxd5 4. c4 Nf6 5. Nc3 Nc6 6. Nf3 Bg4 7. cxd5 Nxd5 8. Qb3 Bxf3 9. gxf3 e6 10. Qxb7 Nxd4 11. Bb5+ Nxb5 12. Qc6+ Ke7 13. Qc5+ Nd6 {[%emt 0:04:01] Threatens to win with ...Nxc3.} 14. Nxd5+ exd5 15. O-O {[%emt 0:00:16] The position is equal.} h6 {[%emt 0:05:37] Against Bg5+} 16. Qxd5 Kf6 17. Rd1 Qe8 {[%emt 0:11:56] ...Nf5 is the strong threat.} 18. Bf4 Nf5 19. Re1 $1 Rd8 20. Qc4 (20. Qa5 $1 $11 Qd7 21. Qa6+ Bd6 22. Rad1) 20... Rc8 $1 $17 (20... Qd7 $6 21. Qa6+ Bd6 22. Rad1 $11) 21. Bc7 Qd7 22. Be5+ Kg6 23. Qg4+ Kh7 {[%emt 0:00:01] Strongly threatening ...Rc6.} 24. Rad1 Qe6 25. Bxg7 {[%emt 0:01:05] [#]} Rg8 26. Rxe6 $11 fxe6 27. Qe4 Rxg7+ (27... Re8 $5) 28. Kf1 Re8 29. Rc1 (29. b4 $11) 29... Bd6 $15 30. h3 Reg8 {[%emt 0:02:21] Hoping for ...Rg1+.} 31. Rc6 (31. Rd1 $15 Rg1+ 32. Ke2) 31... Rg6 (31... Rg1+ $142 32. Ke2 Rd8) 32. b4 Rg1+ 33. Ke2 {[%emt 0:00:04] [#]} Rd8 34. Rc4 Bf8 {[%emt 0:04:02] And now ...Rdd1 would win. Really sharp! Black is more active.} 35. f4 $2 (35. Qxe6 Nd4+ 36. Rxd4 Rxd4 37. Qf7+ Bg7 38. Qf5+ Rg6 39. b5) 35... Rdd1 $19 {[%emt 0:00:40] Black is clearly winning.} 36. Qb7+ Bg7 {[%emt 0:00:12] aiming for ...Rge1+.} 37. b5 Rge1+ 38. Kf3 Rd3+ 39. Kg2 Nh4+ 40. Kh2 Nf3+ {[%emt 0:00:04] Weighted Error Value: White=0.58/Black=0.12 (very precise) .  Mistake:       	White=4     	Black=2      Inaccurate:     	White=3     	Black=2      OK:         	White=7     	Black=10     Best:        	White=4     	Black=3      Strong:       	White=1     	Black=1} 0-1

[Event "Ostravsky Konik FIDE-A 2024"]
[Site "Ostrava"]
[Date "2024.05.05"]
[Round "9.4"]
[White "Backiel, Hubert"]
[Black "Sernecki, Franciszek"]
[Result "0-1"]
[ECO "B12"]
[WhiteElo "2129"]
[BlackElo "2342"]
[Annotator "TA"]
[PlyCount "82"]
[EventDate "2024.04.26"]
[EventType "swiss"]
[EventCountry "CZE"]
[SourceTitle "playchess.com"]
[Source "ChessBase"]
[SourceQuality "1"]
[TimeControl "40/5400+30:1800+30"]

1. e4 c6 2. d4 d5 3. e5 Bf5 4. Nf3 e6 5. Be2 Nd7 6. O-O Ne7 7. Nh4 Bg6 8. Nd2 c5 9. c3 Nc6 10. Nxg6 hxg6 11. Nf3 Be7 12. g3 a6 13. Kg2 b5 14. h4 {[%emt 0:04:40] White is slightly better.} b4 ({Black should play} 14... Qb6 $14) 15. Bg5 Bxg5 16. Nxg5 Qb6 17. Nf3 Qa5 18. Qc1 Rb8 19. Rh1 bxc3 20. bxc3 Nb6 (20... Qb6 $16) 21. Ng5 $1 $18 Ke7 (21... cxd4 $2 22. cxd4 (22. Qf4 Rb7 $16) 22... Nc4 (22... Nxd4 23. Qf4 $16) 23. h5) (21... Nd8 $16 {was worth a try.}) 22. Qf4 Rhf8 23. Rab1 (23. Nh7 $18) 23... Qxc3 $14 24. dxc5 (24. Bxa6 Qxd4 (24... Nxd4 25. a4 $11) 25. Qc1 Nd7 $17 (25... Qxe5 $2 26. Rxb6 Rxb6 27. Qxc5+ Qd6 28. Qxb6 $18) (25... Nxe5 $2 26. Rd1 $18)) 24... Nd7 25. Rxb8 Ndxb8 {[%emt 0:00:00] Excellent horsemanship.} 26. Rb1 {[%emt 0:00:00] Rb7+ would now be deadly.} Nd7 $1 27. Rb7 Ncxe5 $2 (27... Qxc5 $11 28. Bxa6 Na5 29. Rxd7+ (29. Rb5 Qa3 $14) 29... Kxd7) 28. Bxa6 $2 ({White must play} 28. Nf3 $1 $18 f6 29. Nxe5 (29. Bxa6 Qxf3+ 30. Qxf3 Nxf3 $14) 29... Qxe5 30. c6 (30. Bxa6 Rc8 $18)) 28... Rb8 {[%emt 0:00:00] [#]} (28... f6 $1 $11 29. Nf3 Qxc5) 29. Rxd7+ Kxd7 $11 30. Nxf7 {[%emt 0:03:30] [#]} Qf3+ $1 31. Qxf3 Nxf3 {[%emt 0:04:30][%mdl 4096] Endgame. KRN-KBN} 32. a4 $2 (32. Kxf3 $11 Rf8 33. Ke3 (33. Bb5+ Ke7 $11) 33... Rxf7 34. Bb5+ Kd8 35. f4) 32... Kc6 $19 33. Be2 $2 ({Much weaker is} 33. Bb5+ Kxc5 34. Kxf3 Rf8) (33. Kxf3 Rf8 34. Bd3 (34. Bb5+ $2 Kxc5 35. Ke2 Rxf7 $19) 34... Rxf7+ 35. Ke3 Kxc5 36. f4) 33... Rf8 {[%emt 0:00:00] Black is clearly winning.} 34. Nd6 Kxc5 {[%emt 0:00:00] aiming for ...Nd4.} 35. Nb7+ Kb6 {[%emt 0:00:00] ...Nd4 is the strong threat.} 36. Nd6 Nd4 37. Bd3 Kc5 38. Nb5 Nxb5 39. axb5 {[%emt 0:00:12] [#]} g5 $1 40. hxg5 (40. h5 e5) 40... Kd4 41. Bg6 e5 {[%emt 0:05:42] Weighted Error Value: White=0.87/Black=0.24 (precise) .  Loses game:     	White=1     	Black=1      Missed win:     	White=1     	---        Mistake:       	White=3     	Black=4      Inaccurate:     	White=2     	Black=1      OK:         	White=6     	Black=6      Best:        	White=3     	Black=4      Strong:       	---       	Black=1      Brilliant:      	---       	Black=1} 0-1

[Event "Ostravsky Konik FIDE-A 2024"]
[Site "Ostrava"]
[Date "2024.05.05"]
[Round "9.5"]
[White "Rudolf, Michal"]
[Black "Goluch, Piotr"]
[Result "1-0"]
[ECO "B13"]
[WhiteElo "2268"]
[BlackElo "2325"]
[Annotator "TA"]
[PlyCount "93"]
[EventDate "2024.04.26"]
[EventType "swiss"]
[EventCountry "CZE"]
[SourceTitle "playchess.com"]
[Source "ChessBase"]
[SourceQuality "1"]
[TimeControl "40/5400+30:1800+30"]

1. e4 c6 2. d4 d5 3. exd5 cxd5 4. Bd3 Nc6 5. c3 Nf6 6. Bf4 Bg4 7. Qb3 e5 {[%emt 0:07:28] [#] White must now prevent ...Na5.} 8. h3 exf4 9. hxg4 Qe7+ {[%emt 0:03:24] White is slightly better.} 10. Kf1 O-O-O 11. Nd2 g6 (11... g5 $1 $11 {keeps the balance.}) 12. Re1 $16 Qc7 13. g5 $36 {[%emt 0:00:30][%mdl 2048] White is more active.} Ng4 14. Qd1 h5 15. gxh6 (15. Be2 $16 f5 16. gxf6 Nxf6 17. Ngf3) 15... f5 (15... Nxh6 $14 16. Ngf3 Kb8) 16. Qe2 Rd6 {[%emt 0:19:10] Inhibits Qe6+.} 17. Qe8+ Qd8 18. Qxd8+ Kxd8 19. h7 Nf6 20. Ne2 Rxh7 21. Rxh7 Nxh7 22. Nxf4 Bh6 23. g3 {[%emt 0:06:39] White is more active.} Bxf4 24. gxf4 Nf6 25. Kg2 Nh5 26. Kf3 a6 27. Nb3 Rf6 28. Nc5 Kc7 29. Bc2 a5 30. Bb3 b6 31. Nd3 Kd6 32. Re8 {[%emt 0:06:15] Repels Rf8} Re6 {[%emt 0:01:26] Repels Ne5} 33. Rxe6+ Kxe6 $18 {[%emt 0:00:02][%mdl 4096] Endgame. KBN-KNN} 34. Ba4 Ne7 35. Ne5 Nf6 36. Bb5 Kd6 37. Ke3 Ke6 38. f3 Kd6 39. b3 Ke6 40. c4 {[%emt 0:00:16] [#] aiming for c5.} Kd6 41. a3 dxc4 (41... Kc7 {is a better defense.} 42. c5 Kc8) 42. bxc4 Nh7 43. Be8 Nf8 44. Bf7 (44. Nf7+ Ke6 45. Ne5 (45. d5+ Nxd5+ 46. cxd5+ Ke7 $18) 45... Kf6 $18) 44... Kc7 45. d5 {[%emt 0:04:33] White is clearly winning.} Kd6 46. Kd4 Nc8 47. Bxg6 {[%emt 0:06:47] Weighted Error Value: White=0.10 (very precise) /Black=0.24 (precise) .  Mistake:       	White=1     	Black=3      Inaccurate:     	White=1     	Black=3      OK:         	White=23    	Black=10     Best:        	White=1     	Black=2} 1-0

[Event "Ostravsky Konik FIDE-A 2024"]
[Site "Ostrava"]
[Date "2024.05.05"]
[Round "9.6"]
[White "Jedlicka, Ales"]
[Black "Romanishin, Oleg M"]
[Result "1/2-1/2"]
[ECO "E00"]
[WhiteElo "2191"]
[BlackElo "2372"]
[Annotator "TA"]
[PlyCount "72"]
[EventDate "2024.04.26"]
[EventType "swiss"]
[EventCountry "CZE"]
[SourceTitle "playchess.com"]
[Source "ChessBase"]
[SourceQuality "1"]
[TimeControl "40/5400+30:1800+30"]

1. d4 Nf6 2. c4 e6 3. g3 Bb4+ 4. Bd2 a5 5. Bg2 d5 6. a3 Be7 7. Qc2 O-O 8. Nf3 Ne4 9. O-O Nd7 10. Nc3 Ndf6 11. Rad1 b6 12. Nxe4 Nxe4 13. Bf4 Bd6 14. Ne5 Bb7 15. f3 Nf6 16. c5 bxc5 17. dxc5 Bxe5 18. Bxe5 Ba6 19. Rfe1 Nd7 20. Bd4 c6 21. Qc3 {[%emt 0:00:30] [#]} e5 $1 22. Bxe5 Nxe5 23. Qxe5 {[%emt 0:00:30] Threatens to win with e4.} Re8 24. Qd4 Bxe2 25. Rc1 Rb8 (25... Ra7 {seems wilder.} 26. Kf2 Rae7 27. b4 axb4 28. axb4 Qd7) 26. Qd2 Bc4 27. Rxe8+ Qxe8 28. Re1 {[%emt 0:00:30] Wards off Qe7} Qd8 29. f4 h6 30. h4 ({Better is} 30. Bh3 $15) 30... Rb3 ({Black should play} 30... Qf6 $17 31. Qxa5 Rxb2 (31... Qxb2 32. Qc7 $11) 32. Re8+ Kh7) 31. Re3 $15 Rxe3 (31... Rb7 $15) 32. Qxe3 $11 d4 33. Qe5 {[%emt 0:00:30][%mdl 8192] [#]} (33. Qe4 $11 {and White is okay.}) 33... Bb5 $2 (33... d3 $19 {And now ...d2 would win.} 34. Bf3 Bb3) 34. Kf2 $14 Kf8 35. Bf3 a4 36. Bd1 (36. h5 $14) 36... d3 {[%emt 0:00:30] Weighted Error Value: White=0.25 (precise) /Black=0.34.  Loses game:     	White=1     	---        Missed win:     	---       	Black=1      Mistake:       	White=2     	Black=2      Inaccurate:     	White=3     	Black=5      OK:         	White=12    	Black=12     Best:        	White=1     	Black=1      Brilliant:      	---       	Black=1} 1/2-1/2

[Event "Ostravsky Konik FIDE-A 2024"]
[Site "Ostrava"]
[Date "2024.05.05"]
[Round "9.7"]
[White "Kondys, Piotr"]
[Black "Bujnoch, Radek"]
[Result "0-1"]
[ECO "C48"]
[WhiteElo "2048"]
[BlackElo "2307"]
[Annotator "TA"]
[PlyCount "84"]
[EventDate "2024.04.26"]
[EventType "swiss"]
[EventCountry "CZE"]
[SourceTitle "playchess.com"]
[Source "ChessBase"]
[SourceQuality "1"]
[TimeControl "40/5400+30:1800+30"]

1. e4 e5 2. Nf3 Nc6 3. Bb5 Nf6 4. d3 Bc5 5. Bxc6 dxc6 6. Nc3 (6. Nxe5 $2 {perishes.} Qd4 7. Be3 Qxe5 $19) 6... Bd6 7. h3 Be6 8. Be3 Qe7 {[%emt 0:00:31] The position is equal.} 9. a3 O-O-O 10. Qe2 Nd7 {[%emt 0:01:17] Dodges b4} 11. Nd2 ({Reject} 11. Bxa7 b6 12. d4 Kb7 $17) 11... Kb8 12. b4 g6 13. O-O g5 14. d4 ({White should play} 14. b5 $15) 14... exd4 $17 15. Bxd4 Rhg8 16. Rad1 Ne5 17. Qe3 g4 18. h4 {[%emt 0:08:23][%mdl 8192] White does not recover from this.} (18. g3 $17) 18... Qxh4 $19 19. Bxe5 Bxe5 {[%emt 0:01:01][%csl Ge5][%cal Rh4h2] [#]} 20. g3 Qf6 (20... Qh3 21. Ne2 Rg6) 21. Ne2 h5 22. Kg2 h4 23. gxh4 (23. Nb3 $142) 23... Qxh4 24. Rh1 {[%emt 0:00:01] Dodges Qh2+} Qf6 25. Nb3 Rxd1 26. Rxd1 Rh8 27. Ng3 Rh3 28. Nc5 Bxg3 29. fxg3 Qh8 30. Qg1 {[%emt 0:03:02] Inhibits Rh2+.} b6 31. Nxe6 {[%emt 0:00:26] [#] Hoping for Rd8+.} fxe6 {[%emt 0:00:05][%mdl 4096] Endgame. KQR-KQR} 32. Rd3 Kb7 33. Re3 (33. a4 $142) 33... Rh7 {[%emt 0:05:07] aiming for ...Rf7.} 34. Rd3 Qe5 35. Qd4 Qh5 36. Qg1 {[%emt 0:00:02] Prevents Qh1+.} Rf7 37. Qe1 Qh3+ 38. Kg1 Rh7 39. Kf2 Qh2+ 40. Ke3 Rf7 {[%emt 0:01:18][%cal Oe6e5] ( -> ...e5!)} 41. Rc3 e5 42. Kd3 b5 {[%emt 0:58:40] Weighted Error Value: White=0.85/Black=0.26 (precise) .  Loses game:     	White=1     	---        Mistake:       	White=3     	---        Inaccurate:     	White=4     	Black=1      OK:         	White=4     	Black=11     Best:        	White=2     	Black=3} 0-1